 Dungeon Crawl Stone Soup version 0.27.1 (webtiles) character file.

Game seed: 15486424853185443018

30219 Tinkle the Cleaver (level 13, -5/119 HPs)
             Began as a Minotaur Berserker on Aug 29, 2021.
             Was a High Priest of Trog.
             Slain by a five-headed hydra (11 damage)
             ... on level 6 of the Lair of Beasts.
             The game lasted 01:01:12 (22935 turns).

Tinkle the Cleaver (Minotaur Berserker)            Turns: 22935, Time: 01:01:13

Health: -5/119     AC: 19    Str: 26    XL:     13   Next: 19%
Magic:  12/12      EV: 10    Int:  5    God:    Trog [*****.]
Gold:   886        SH: 12    Dex: 10    Spells: 12/12 levels left

rFire    . . .     SeeInvis .   a - +1 hand axe (flame)
rCold    + . .     Faith    .   p - +0 kite shield {rC+}
rNeg     . . .     Spirit   .   e - +1 plate armour
rPois    .         Reflect  .   (helmet restricted)
rElec    .         Harm     .   (no cloak)
rCorr    .         Rampage  .   s - +0 pair of gloves
Will     .....                  o - +0 pair of boots
Stlth    ..........             (no amulet)
HPRegen  0.29/turn              (no ring)
MPRegen  0.13/turn              (no ring)

@: lethally poisoned (-5 -> -18), on berserk cooldown, slowed, very slow
A: horns 2, retaliatory headbutt
a: Renounce Religion, Berserk, Trog's Hand, Brothers in Arms


You were on level 6 of the Lair of Beasts.
You worshipped Trog.
Trog was extremely pleased with you.
You visited 2 branches of the dungeon, and saw 14 of its levels.
You also visited: Ossuary.

You collected 886 gold pieces.

Inventory:

Hand Weapons
 a - a +1 hand axe of flaming (weapon)
 c - the +5 scythe "Finisher" {speed, eviscerate}
   (You found it on level 9 of the Dungeon)

   Attacks with this weapon are significantly faster.
   It may eviscerate those it strikes, slaying them instantly, with a decreasing
   chance against stronger foes.
 t - a +5 halberd
 E - a +4 trident of distortion
Missiles
 b - 2 boomerangs
 r - 7 datura-tipped darts (quivered)
Armour
 e - a +1 plate armour (worn)
 o - a +0 pair of boots (worn)
 p - a +0 kite shield of cold resistance (worn)
 s - a +0 pair of gloves (worn)
 v - a +0 tower shield
 D - +0 fire dragon scales
Jewellery
 A - the ring "Cuhyoraux" {*Corrode rC+ Int+5 Dex+6}
   (You found it on level 5 of the Dungeon)

   [ring of dexterity]

   Int:       It affects your intelligence (+5).
   Dex:       It affects your dexterity (+6).
   rC:        It protects you from cold.
   *Corrode:  It may corrode you when you take damage.
 H - a ring of protection from cold
Wands
 m - a wand of flame (14)
 n - a wand of polymorph (17)
 q - a wand of iceblast (9)
 u - a wand of mindburst (10)
 G - a wand of charming (18)
Scrolls
 l - 3 scrolls of fog
 w - a scroll of enchant weapon
 y - 3 scrolls of blinking
 B - a scroll of summoning
 F - a scroll of enchant armour
 J - a scroll of brand weapon
Potions
 d - a potion of cancellation
 f - a potion of flight
 g - 3 potions of heal wounds
 h - a potion of resistance
 i - 2 potions of berserk rage
 j - 2 potions of haste
 k - 3 potions of curing
 z - 2 potions of might
 C - a potion of invisibility
 I - a potion of magic {unknown}


   Skills:
 + Level 12.3 Fighting
 + Level 12.4 Axes
 + Level 12.2 Armour
 + Level 11.3 Dodging
 + Level 9.8 Shields
 + Level 5.9 Evocations


You had 12 spell levels left.
You didn't know any spells.
Your spell library was empty.

Dungeon Overview and Level Annotations

Branches:
Dungeon (10/15)            Temple (0/1) D:7            Lair (3/6) D:10
 Spider (0/4) Lair:3      Ossuary (visited)
  Swamp: Lair:2-4    Shoals: Lair:2-4       Orc: D:9-12

Altars:
Cheibriados
Elyvilon
Gozag
Sif Muna
Trog
Vehumet
Zin


Innate Abilities, Weirdness & Mutations

You have a pair of horns on your head.
You reflexively headbutt those who attack you in melee.


Message History

A hydra and a cane toad come into view.
Found a silvery potion and 27 gold pieces.
Found a stone staircase leading up.
You hit the cane toad but do no damage. You block the cane toad's attack.
You barely miss the cane toad. You headbutt the cane toad!
The cane toad is moderately wounded.
You block the cane toad's attack.
You completely miss the cane toad.
The cane toad is moderately wounded.
You slice one of the seven-headed hydra's heads off!
The flame cauterises the wound!
You hit the six-headed hydra. You burn the six-headed hydra.
You block the cane toad's attack.
You block the six-headed hydra's attack. x2
The six-headed hydra bites you but does no damage.
The six-headed hydra bites you!
The six-headed hydra closely misses you.
The six-headed hydra bites you! The cane toad stings you!
You are poisoned.
The cane toad poisons you!
Huge Dmg: -23%(-27hp) hp: 38%(45hp)
You chop one of the six-headed hydra's heads off!
The flame cauterises the wound!
You hit the five-headed hydra. You burn the five-headed hydra.
You headbutt the five-headed hydra!
The five-headed hydra is moderately wounded.
You hit the cane toad but do no damage.
You feel very sick.
You block the five-headed hydra's attack.
The five-headed hydra bites you but does no damage. x2
The five-headed hydra bites you!
* * * LOW HITPOINT WARNING * * *
The five-headed hydra bites you but does no damage.
You block the cane toad's attack.
The five-headed hydra bites you but does no damage.
The five-headed hydra bites you!
* * * LOW HITPOINT WARNING * * *
The five-headed hydra bites you but does no damage.
The five-headed hydra bites you!
* * * LOW HITPOINT WARNING * * *
The five-headed hydra bites you!
You die...

......# ........
#.....$..#.....
........................
........................
...............
........!......
...............
...............
P.....F@...#
......D..#..#
#.........# #
##.......## ##.....##
........ #.......#
###.....#


You could see a five-headed hydra and a cane toad.

Vanquished Creatures
  4 hydras
  Erica (D:9)
  4 two-headed ogres
  A skeletal warrior (D:9)
  Maurice (D:9)
  2 black mambas (Lair:1)
  Psyche (D:7)
  3 elephants (Lair:6)
  2 rime drakes (Lair:1)
  6 cane toads
  4 komodo dragons
  A troll (D:10)
  A hornet (D:10)
  7 blink frogs
  3 wraiths (D:9)
  2 wyverns
  17 yaks
  A shadow (D:8)
  5 basilisks
  3 vampire mosquitoes (D:10)
  9 water moccasins
  3 ice beasts
  2 orc warriors (D:6)
  A necrophage (D:8)
  A black bear (Lair:6)
  2 ogres (D:5)
  18 wolves
  5 centaurs
  2 phantoms
  A kobold brigand (D:8)
  19 bullfrogs
  A gnoll sergeant (D:9)
  A wyvern zombie (D:4)
  4 scorpions
  2 wyvern skeletons (D:7)
  2 water moccasin skeletons (D:5)
  7 wights
  6 killer bees (D:6)
  3 centaur zombies
  2 jellies
  5 orc priests
  Crazy Yiuf (D:2)
  A bullfrog zombie (D:5)
  A bullfrog skeleton (D:5)
  Terence (D:3)
  2 centaur skeletons (D:7)
  2 hell rats (Lair:3)
  An iguana (D:6)
  2 orc wizards (D:7)
  A hound skeleton (D:5)
  13 mummies
  2 howler monkey zombies (D:9)
  A howler monkey skeleton (D:6)
  6 river rats (Lair:3)
  6 adders
  3 gnolls (D:9)
  3 shadow imps
  2 white imps
  An ufetubus (D:3)
  4 worms
  The ghost of mewnfare the Sneak, a weakling MfDe (D:5)
  A dart slug (D:3)
  21 orcs
  9 endoplasms
  4 giant cockroaches (D:1)
  8 hobgoblins
  2 jackals (D:1)
  5 kobolds
  4 quokkas
  9 ball pythons
  4 bats
  4 frilled lizards
  3 gnoll skeletons (Ossuary)
  5 goblins
  3 goblin skeletons (Ossuary)
  A goblin zombie (D:8)
  2 kobold skeletons (Ossuary)
  A kobold zombie (D:8)
  15 rats
  11 rat skeletons (Ossuary)
331 creatures vanquished.

Vanquished Creatures (others)
  A hell rat (Lair:3)
  49 fungi
  67 plants
117 creatures vanquished.

Grand Total: 448 creatures vanquished

Notes
Turn   | Place    | Note
-------+----------+-------------------------------------------
     0 | D:1      | Tinkle the Minotaur Berserker began the quest for the Orb.
     0 | D:1      | Reached XP level 1. HP: 19/19 MP: 0/0
   204 | D:1      | Reached XP level 2. HP: 27/27 MP: 1/1
   257 | D:1      | Found a faded altar of an unknown god.
   451 | D:1      | Huge Dmg: 4 dmg
  1289 | D:2      | Huge Dmg: 8 dmg
  1294 | D:2      | Reached XP level 3. HP: 18/33 MP: 2/2
  1744 | D:2      | Huge Dmg: 6 dmg
  1856 | D:2      | Found a runed translucent door.
  1857 | D:2      | Noticed Crazy Yiuf
  2068 | D:2      | Reached ** piety under Trog
  2216 | D:2      | Killed Crazy Yiuf
  2217 | D:2      | Reached XP level 4. HP: 41/41 MP: 3/3
  2220 | D:2      | Huge Dmg: 20 dmg
  2650 | D:3      | Noticed Terence
  2660 | D:3      | Killed Terence
  2665 | D:3      | Huge Dmg: 17 dmg
  2822 | D:3      | Found a snail-covered altar of Cheibriados.
  2904 | D:3      | Found a white marble altar of Elyvilon.
  3037 | D:3      | Reached XP level 5. HP: 47/47 MP: 4/4
  4045 | D:4      | Huge Dmg: 20 dmg
  4113 | D:4      | Reached skill level 5 in Fighting
  4113 | D:4      | Reached skill level 5 in Axes
  4201 | D:4      | Noticed an ice beast
  4207 | D:4      | Reached XP level 6. HP: 56/56 MP: 5/5
  4209 | D:4      | Killed an ice beast
  4213 | D:4      | Huge Dmg: 24 dmg
  4383 | D:4      | Reached *** piety under Trog
  4764 | D:5      | Entered Level 5 of the Dungeon
  4775 | D:5      | Reached skill level 5 in Armour
  4856 | D:5      | Found a transporter.
  4857 | D:5      | Found a transporter.
  4858 | D:5      | Noticed mewnfare's ghost (weakling MfDe)
  4902 | D:5      | Reached XP level 7. HP: 62/62 MP: 6/6
  5050 | D:5      | Identified the ring "Cuhyoraux" {*Corrode rC+ Int+5 Dex+6}
  5128 | D:5      | Huge Dmg: 15 dmg
  5129 | D:5      | Huge Dmg: 28 dmg
  5131 | D:5      | Huge Dmg: 5 dmg
  5131 | D:5      | HP: 1/93 [ogre (21)]
  5132 | D:5      | Huge Dmg: 13 dmg
  5137 | D:5      | Huge Dmg: 1 dmg
  5764 | D:5      | Found an opulent altar of Gozag.
  5765 | D:5      | Found a glowing silver altar of Zin.
  5921 | D:5      | Huge Dmg: 13 dmg
  5922 | D:5      | Huge Dmg: 20 dmg
  5923 | D:5      | Huge Dmg: 15 dmg
  6321 | D:5      | Reached skill level 5 in Dodging
  6327 | D:5      | Killed mewnfare's ghost
  6329 | D:5      | Huge Dmg: 31 dmg
  6575 | D:5      | Huge Dmg: 20 dmg
  6827 | D:6      | Noticed a two-headed ogre
  6839 | D:5      | Huge Dmg: 34 dmg
  6843 | D:5      | Huge Dmg: 28 dmg
  6848 | D:5      | Killed a two-headed ogre
  6849 | D:5      | Reached XP level 8. HP: 16/73 MP: 7/7
  6852 | D:5      | Huge Dmg: 5 dmg
  7661 | D:6      | Huge Dmg: 16 dmg
  8429 | D:6      | Reached XP level 9. HP: 51/81 MP: 8/8
  8438 | D:6      | Huge Dmg: 11 dmg
  8859 | D:6      | Reached skill level 1 in Evocations
  8875 | D:6      | Huge Dmg: 27 dmg
  9141 | D:6      | Huge Dmg: 24 dmg
  9152 | D:6      | Huge Dmg: 16 dmg
  9634 | D:7      | Found a staircase to the Ecumenical Temple.
  9795 | D:7      | Huge Dmg: 13 dmg
  9797 | D:6      | Huge Dmg: 11 dmg
  9806 | D:6      | Huge Dmg: 8 dmg
  9809 | D:6      | Huge Dmg: 9 dmg
 10609 | D:8      | Found a radiant altar of Vehumet.
 10611 | D:8      | Found a shimmering blue altar of Sif Muna.
 10641 | D:8      | Noticed Psyche
 10677 | D:7      | Killed Psyche
 10677 | D:7      | Reached **** piety under Trog
 10878 | D:8      | Reached XP level 10. HP: 63/91 MP: 9/9
 11013 | D:8      | Found a sand-covered staircase.
 11018 | Ossuary  | Entered an ossuary
 11467 | Ossuary  | Identified a scroll of acquirement
 11467 | Ossuary  | Acquired a +0 kite shield of cold resistance
 11780 | D:8      | Reached ***** piety under Trog
 12015 | D:8      | Huge Dmg: 44 dmg
 12293 | D:8      | Reached skill level 10 in Fighting
 12293 | D:8      | Reached skill level 10 in Axes
 12293 | D:8      | Reached XP level 11. HP: 100/100 MP: 10/10
 12440 | D:9      | Reached skill level 10 in Armour
 12440 | D:9      | Reached skill level 5 in Evocations
 12454 | D:9      | Noticed a skeletal warrior
 12468 | D:9      | Killed a skeletal warrior
 12477 | D:9      | Huge Dmg: 49 dmg
 12816 | D:9      | Found the +5 scythe "Finisher" {speed, eviscerate}
 12912 | D:9      | Noticed a two-headed ogre
 12918 | D:9      | Huge Dmg: 17 dmg
 12921 | D:9      | Killed a two-headed ogre
 12927 | D:9      | Huge Dmg: 33 dmg
 13319 | D:9      | Huge Dmg: 26 dmg
 13321 | D:9      | Huge Dmg: 17 dmg
 13611 | D:9      | Huge Dmg: 31 dmg
 14085 | D:9      | Noticed Erica
 14104 | D:9      | Huge Dmg: 18 dmg
 14116 | D:9      | Killed Erica
 14120 | D:9      | Huge Dmg: 34 dmg
 14351 | D:9      | Noticed Maurice
 14944 | D:9      | Huge Dmg: 37 dmg
 14944 | D:9      | Killed Maurice
 14948 | D:9      | Huge Dmg: 15 dmg
 15602 | D:10     | Entered Level 10 of the Dungeon
 15603 | D:10     | Noticed a two-headed ogre
 15615 | D:10     | Huge Dmg: 13 dmg
 15616 | D:10     | Killed a two-headed ogre
 16024 | D:10     | Found a staircase to the Lair.
 16121 | D:10     | Reached skill level 10 in Dodging
 16483 | D:10     | Noticed a two-headed ogre
 16502 | D:10     | Killed a two-headed ogre
 16503 | D:10     | Reached XP level 12. HP: 110/110 MP: 11/11
 16506 | D:10     | Huge Dmg: 43 dmg
 16799 | D:10     | Huge Dmg: 67 dmg
 16966 | D:10     | Paralysed by a hornet for 3 turns
 16969 | D:10     | Huge Dmg: 25 dmg
 17456 | D:10     | Found a bloodstained altar of Trog.
 17501 | Lair:1   | Entered Level 1 of the Lair of Beasts
 17515 | D:10     | Huge Dmg: 22 dmg
 17689 | Lair:1   | Huge Dmg: 14 dmg
 18463 | Lair:1   | Noticed an eight-headed hydra
 18471 | Lair:1   | Killed a five-headed hydra
 18484 | Lair:1   | Huge Dmg: 39 dmg
 18845 | Lair:1   | Huge Dmg: 24 dmg
 19786 | Lair:2   | Noticed a seven-headed hydra
 20017 | Lair:2   | Killed a five-headed hydra
 20022 | Lair:2   | Huge Dmg: 55 dmg
 20364 | Lair:1   | Acquired 1215 gold pieces
 21127 | Lair:2   | Noticed a seven-headed hydra
 21134 | Lair:2   | Killed a four-headed hydra
 21139 | Lair:2   | Huge Dmg: 50 dmg
 22087 | Lair:3   | Noticed an eight-headed hydra
 22097 | Lair:3   | Killed a three-headed hydra
 22098 | Lair:3   | Reached XP level 13. HP: 118/118 MP: 12/12
 22102 | Lair:3   | Huge Dmg: 45 dmg
 22669 | Lair:3   | Found a hole to the Spider Nest.
 22799 | Lair:3   | Identified the +2 helmet of the Sneaky Hosts {Rampage rF+
                  | Regen+}
 22825 | Lair:3   | You fall into a shaft and drop 3 floors!
 22825 | Lair:6   | Entered Level 6 of the Lair of Beasts
 22900 | Lair:6   | Identified the +0 leather armour of Panentheism {Str+5}
 22910 | Lair:6   | Received a gift from Trog
 22917 | Lair:6   | Huge Dmg: 24 dmg
 22919 | Lair:6   | Huge Dmg: 11 dmg
 22921 | Lair:6   | Huge Dmg: 7 dmg
 22924 | Lair:6   | Huge Dmg: 19 dmg
 22935 | Lair:6   | Huge Dmg: 27 dmg
 22935 | Lair:6   | Slain by a five-headed hydra

Illustrated notes

Levels and vault maps discovered:
D:1:      evilmike_arrival_crescent, layout_basic,
          shapermc_ecumenical_altar_notcrosses, hex_intersection, st_stairs_10,
          minivault_26, serial_park_tiny_1, minmay_shallow_snake_nest
D:2:      layout_loops_ring, minmay_tetromino_o2, uniq_crazy_yiuf_cottage
D:3:      layout_loops_corners, mainiacjoe_overflow_large_starburst, hex_tiny,
          uniq_terence
D:4:      layout_basic
D:5:      layout_cave_pods, grunt_temple_overflow_gold_and_silver,
          gammafunk_ghost_arena
D:6:      layout_basic
D:7:      layout_cave_pools, temple_pool_b
D:8:      layout_loops_ring, mainiacjoe_overflow_catwalk_spiral,
          nicolae_ossuary_entry_giza, kennysheep_generic_room_14, uniq_psyche
D:9:      layout_loops_ring, minmay_guarded_unrand_finisher, uniq_erica,
          uniq_maurice
D:10:     layout_loops_cross, nicolae_overflow_hidden_temple,
          lemuel_coloured_pillars_altar, due_lair_maze_entry_diamond
Lair:1:   layout_loops_ring, chequers_serial_rivers_micro_e,
          chequers_serial_rivers_small_b, lemuel_fruit_tree,
          infiniplex_staircase_pool
Lair:2:   layout_cave_shapes, serial_rivers, chequers_serial_rivers_micro_e,
          chequers_serial_rivers_marsh, chequers_serial_rivers_micro_d,
          chequers_serial_rivers_small_a
Lair:3:   layout_roguey, dummy_spider_entry, kennysheep_abandoned_house
Lair:6:   hangedman_lair_caniforms_friends, layout_hall_layers,
          gammafunk_ghost_icy, grunt_megastairs_4, uniq_snorg

Skill      XL: |  1  2  3  4  5  6  7  8  9 10 11 12 |
---------------+-------------------------------------+-----
Fighting       | 4 5 7 9 10 11 12 | 12.3
Axes           | 4 5 7 9 10 11 12 | 12.4
Armour         | 3 4 5 6 7 8 9 10 12 | 12.2
Dodging        | 3 4 6 8 9 10 11 | 11.3
Evocations     | 3 4 5 |  5.9
Shields        | 6 7 9 |  9.8

Action                   |  1- 3 |  4- 6 |  7- 9 | 10-12 | 13-15 || total
-------------------------+-------+-------+-------+-------+-------++-------
Melee: Hand axe          |    95 |   108 |   206 |   629 |   104 ||  1142
       Headbutt          |    13 |    17 |    39 |   171 |    23 ||   263
       Halberd           |       |       |    37 |    63 |       ||   100
       Unarmed           |       |       |     7 |       |       ||     7
Throw: Boomerang         |       |       |     1 |     5 |       ||     6
       Dart              |       |       |       |    26 |       ||    26
Invok: Berserk           |     1 |     3 |     7 |    11 |     1 ||    23
       Trog's Hand       |       |       |     1 |     1 |       ||     2
Evoke: Wand              |       |       |       |     1 |     2 ||     3
  Use: Scroll            |       |     7 |    10 |    12 |     2 ||    31
       Potion            |       |       |       |     1 |     4 ||     5
Armor: Animal skin       |     9 |       |       |       |       ||     9
       Plate armour      |    13 |    53 |   126 |   250 |    70 ||   512
       Skin              |       |       |     4 |       |       ||     4
Dodge: Dodged            |    38 |    37 |    93 |   192 |    43 ||   403
Block: Kite shield       |       |       |       |   274 |    82 ||   356
